 Dungeon Sprint DCSS version 0.21-a0-221-gfe971b9 (webtiles) character file.

18581 Kidiri the Warrior (level 12, -12/128 HPs)
             Began as a Hill Orc Abyssal Knight on Aug 25, 2017.
             Was the Champion of Lugonu.
             Killed from afar by a spark wasp (14 damage)
             ... with a living lightning
             ... in the Dungeon (Sprint IX: "|||||||||||||||||||||||||||||").
             The game lasted 00:14:42 (3830 turns).

Kidiri the Warrior (Hill Orc Abyssal Knight)        Turns: 3830, Time: 00:14:42

Health: -12/128    AC: 31    Str: 20    XL:     12   Next: 60%
Magic:  22/23      EV: 11    Int: 15    God:    Lugonu [******]
Gold:   828        SH:  0    Dex:  8    Spells: 11/11 levels left

rFire    . . .     SeeInvis .   D - +1 great mace (protect)
rCold    . . .     Gourm    .   (shield currently unavailable)
rNeg     . . .     Faith    .   p - +2 plate armour
rPois    .         Spirit   .   A - +0 helmet {Int+3}
rElec    .         Reflect  .   H - +1 cloak
rCorr    .         Harm     .   a - +1 pair of gloves
MR       .....     NoTele   +   C - +1 pair of boots
Stlth    ..........             (no amulet)
HPRegen  0.31/turn              b - +2 ring of protection
MPRegen  0.18/turn              q - +2 ring of protection

@: no status effects
A: clumsy 1, screaming 1
a: Bend Space, Banish, Corrupt, Brand Weapon With Distortion, Renounce Religion


You were in the Dungeon.
You worshipped Lugonu.
Lugonu was exalted by your worship.
You were not hungry.

You visited 1 branch You collected 1944 gold pieces.
You spent 1116 gold pieces at shops.

Inventory:

Hand Weapons
 D - a +1 great mace of protection (weapon)
Missiles
 G - 4 tomahawks (quivered)
Armour
 a - a +1 pair of gloves (worn)
 p - a +2 plate armour (worn)
 A - a +0 helmet of intelligence (worn)
 C - a +1 pair of boots (worn)
 H - a +1 cloak (worn)
Jewellery
 b - a +2 ring of protection (left hand)
 k - an uncursed ring of ice
 q - a +2 ring of protection (right hand)
 s - an uncursed ring of fire
 z - an uncursed ring of ice
 B - an uncursed ring of protection from fire
Wands
 o - a wand of lightning (7/15)
Scrolls
 i - 2 scrolls of blinking
 j - 3 scrolls of enchant armour
 m - 5 scrolls of remove curse
 n - 2 scrolls of amnesia
 t - a scroll of identify
 u - 2 scrolls of fog
 y - 2 scrolls of fear
 F - 3 scrolls of enchant weapon
Potions
 d - 7 potions of curing
 e - 2 potions of heal wounds
 f - 2 potions of haste
 g - 4 potions of magic
 h - 2 potions of berserk rage
 l - a potion of invisibility
 r - a potion of brilliance
 E - a potion of might
Comestibles
 c - 15 chunks of flesh
 v - 40 fruits
 w - 12 bread rations
 x - 12 meat rations


   Skills:
 + Level 18.7 Fighting
 * Level 13.6 Maces & Flails
 + Level 5.2 Throwing
 + Level 13.1 Armour
 * Level 14.0 Dodging
 + Level 15.1 Invocations


You had 11 spell levels left.
You didn't know any spells.

Dungeon Overview and Level Annotations

Branches:
Dungeon (1/1)

Altars:
Cheibriados
Dithmenos
Elyvilon
Fedhas
Gozag
Hepliaklqana
Kikubaaqudgha
Makhleb
Nemelex Xobeh
Okawaru
Qazlal
Ru
Sif Muna
Trog
Uskayaw
Vehumet
Wu Jian
Xom
Yredelemnul
Zin
The Shining One
Beogh
Jiyva
Lugonu

Shops:
D *?([


Innate Abilities, Weirdness & Mutations

You are clumsy. (Dex -2)
You occasionally shout uncontrollably at your foes.


Message History

You closely miss the spark wasp.
The spark wasp is moderately wounded.
The cyan very ugly thing gurgles horribly!
The spark wasp stings you but does no damage.
The spark wasp stings you!
* * * LOW HITPOINT WARNING * * *
The spark wasp shocks you!
* * * LOW HITPOINT WARNING * * *
You feel much better. The anaconda barely misses you. The anaconda bites you.
* * * LOW HITPOINT WARNING * * *
The spark wasp stings you!
* * * LOW HITPOINT WARNING * * *
The spark wasp shocks you!
* * * LOW HITPOINT WARNING * * *
The anaconda grabs you. The anaconda barely misses you.
The anaconda constricts you. Space bends sharply around you!
You escape the anaconda's grasp.
You blink.
The spark wasp bursts into living lightning!
The living lightning hits you!
You die...

.....'.........'...........)'..[[
▓▓▓▓▓▓▓▓▓▓▓▓▓▓▓▓▓▓▓▓▓▓▓▓▓▓▓▓▓▓▓▓▓
.................................
▓▓▓▓▓▓▓▓▓▓▓▓▓▓▓▓▓▓▓▓▓▓▓▓▓▓▓▓▓▓▓▓▓
.'))..........))[.))∩)∩.∩.∩.....'
▓▓▓▓▓▓▓▓▓▓▓▓▓▓▓▓▓▓▓▓▓▓▓▓▓▓▓▓▓▓▓▓▓
.................................
▓▓▓▓▓▓▓▓▓▓▓▓▓▓▓▓▓▓▓▓▓▓▓▓▓▓▓▓▓▓▓▓▓
[[[[[[.........(@...y§S...uu.
▓▓▓▓▓▓▓▓▓▓▓▓▓▓▓▓▓▓▓▓▓▓▓▓▓▓▓▓▓


You could see a spark wasp and an anaconda.

Vanquished Creatures
  A stone giant (D)
  An ettin (D)
  Harold (D)
  A hydra (D)
  A centaur warrior (D)
  4 death yaks (D)
  A deep troll earth mage (D)
  A tengu warrior (D)
  An orc high priest (D)
  4 orc sorcerers (D)
  5 orc knights (D)
  2 ugly things (D)
  A manticore (D)
  An elephant (D)
  Psyche (D)
  2 spiny frogs (D)
  A rime drake (D)
  A komodo dragon (D)
  A hornet (D)
  2 hippogriffs (D)
  A basilisk (D)
  4 yaks (D)
  4 porcupines (D)
  2 water moccasins (D)
  An ice beast (D)
  10 orc warriors (D)
  A wolf (D)
  An ogre (D)
  A tengu (shapeshifter) (D)
  3 crocodiles (D)
  4 bullfrogs (D)
  A scorpion (D)
  A killer bee (D)
  A wight (D)
  A crimson imp (D)
  2 orc wizards (D)
  3 orc priests (D)
  A shadow imp (D)
  An adder skeleton (D)
  A leopard gecko (D)
  13 orcs (D)
  A giant cockroach (D)
  2 goblins (D)
  A hobgoblin (D)
  A kobold (D)
  A leopard gecko skeleton (D)
  A quokka skeleton (D)
  A quokka zombie (D)
98 creatures vanquished.

Notes
Turn   | Place    | Note
-------+----------+-------------------------------------------
     0 | D        | Kidiri the Hill Orc Abyssal Knight began the quest for the Orb.
     0 | D        | Reached XP level 1. HP: 19/19 MP: 2/2
    11 | D        | Reached skill level 1 in Dodging
    15 | D        | Reached ** piety under Lugonu
    15 | D        | Reached skill level 4 in Fighting
   146 | D        | Noticed an ogre
   148 | D        | Reached XP level 2. HP: 27/27 MP: 4/4
   152 | D        | Reached *** piety under Lugonu
   169 | D        | Killed an ogre
   169 | D        | Reached skill level 6 in Fighting
   169 | D        | Reached XP level 3. HP: 30/38 MP: 4/6
   169 | D        | Reached XP level 4. HP: 35/45 MP: 4/7
   182 | D        | Reached **** piety under Lugonu
   200 | D        | Found a roughly hewn altar of Beogh.
   200 | D        | Found a snail-covered altar of Cheibriados.
   200 | D        | Found a shadowy altar of Dithmenos.
   200 | D        | Found a white marble altar of Elyvilon.
   200 | D        | Found a blossoming altar of Fedhas.
   200 | D        | Found an opulent altar of Gozag.
   201 | D        | Found a hazy altar of Hepliaklqana.
   202 | D        | Found a viscous altar of Jiyva.
   203 | D        | Found an ancient bone altar of Kikubaaqudgha.
   204 | D        | Found a corrupted altar of Lugonu.
   205 | D        | Found a burning altar of Makhleb.
   206 | D        | Found a sparkling altar of Nemelex Xobeh.
   207 | D        | Found an iron altar of Okawaru.
   208 | D        | Found a stormy altar of Qazlal.
   209 | D        | Found a sacrificial altar of Ru.
   210 | D        | Found a deep blue altar of Sif Muna.
   211 | D        | Found a bloodstained altar of Trog.
   212 | D        | Found a hide-covered altar of Uskayaw.
   213 | D        | Found a radiant altar of Vehumet.
   214 | D        | Found an ornate altar of the Wu Jian Council.
   215 | D        | Found a shimmering altar of Xom.
   216 | D        | Found a basalt altar of Yredelemnul.
   217 | D        | Found a glowing silver altar of Zin.
   218 | D        | Found a glowing golden altar of the Shining One.
   291 | D        | Noticed an ice beast
   291 | D        | Noticed a hippogriff
   291 | D        | Noticed a hippogriff
   313 | D        | Killed an ice beast
   313 | D        | Reached skill level 8 in Fighting
   313 | D        | Reached skill level 5 in Maces & Flails
   313 | D        | Reached skill level 5 in Armour
   313 | D        | Reached skill level 5 in Dodging
   313 | D        | Reached XP level 5. HP: 36/53 MP: 7/9
   321 | D        | Killed a hippogriff
   321 | D        | Reached skill level 9 in Fighting
   321 | D        | Reached XP level 6. HP: 37/64 MP: 7/11
   327 | D        | Reached ***** piety under Lugonu
   327 | D        | Reached skill level 10 in Fighting
   327 | D        | Reached XP level 7. HP: 34/72 MP: 8/12
   334 | D        | Killed a hippogriff
   508 | D        | Noticed a hornet
   508 | D        | Noticed a manticore
   508 | D        | Noticed a four-headed hydra
   513 | D        | Killed a hornet
   513 | D        | Reached skill level 11 in Fighting
   517 | D        | Killed a manticore
   517 | D        | Reached XP level 8. HP: 65/83 MP: 13/15
   526 | D        | Killed a four-headed hydra
   526 | D        | Reached skill level 12 in Fighting
   526 | D        | Reached skill level 10 in Invocations
   526 | D        | Reached XP level 9. HP: 43/92 MP: 14/16
   534 | D        | Reached skill level 13 in Fighting
   908 | D        | Noticed a komodo dragon
   925 | D        | Reached ****** piety under Lugonu
   939 | D        | Killed a komodo dragon
   947 | D        | Reached skill level 10 in Dodging
   948 | D        | Reached skill level 14 in Fighting
  1020 | D        | Noticed an elephant
  1020 | D        | Noticed a rime drake
  1026 | D        | Noticed a spiny frog
  1040 | D        | Killed an elephant
  1040 | D        | Reached XP level 10. HP: 66/104 MP: 18/18
  1055 | D        | Noticed a spiny frog
  1055 | D        | Reached skill level 10 in Maces & Flails
  1055 | D        | Reached skill level 10 in Armour
  1073 | D        | Killed a spiny frog
  1080 | D        | Killed a spiny frog
  1080 | D        | Reached skill level 15 in Fighting
  1399 | D        | Noticed a death yak
  1399 | D        | Noticed a death yak
  1399 | D        | Noticed a death yak
  1399 | D        | Noticed a death yak
  1423 | D        | Killed a death yak
  1435 | D        | Killed a death yak
  1766 | D        | Killed a death yak
  1766 | D        | Reached skill level 16 in Fighting
  1766 | D        | Reached XP level 11. HP: 49/114 MP: 20/20
  1787 | D        | Killed a death yak
  2162 | D        | Noticed Harold
  2186 | D        | Killed Harold
  2277 | D        | Noticed an orc sorcerer
  2293 | D        | Paralysed by an orc sorcerer for 4 turns
  2312 | D        | Killed an orc sorcerer
  2593 | D        | Noticed an orc knight
  2593 | D        | Noticed an ettin
  2603 | D        | Killed an orc knight
  2603 | D        | Reached skill level 17 in Fighting
  2610 | D        | Killed an ettin
  2610 | D        | Reached skill level 1 in Throwing
  2640 | D        | Noticed an orc knight
  3007 | D        | Killed an orc knight
  3034 | D        | Found Satitu's General Store.
  3034 | D        | Noticed an orc sorcerer
  3034 | D        | Noticed an orc knight
  3034 | D        | Noticed an orc knight
  3034 | D        | Noticed an orc sorcerer
  3034 | D        | Paralysed by an orc sorcerer for 5 turns
  3041 | D        | Noticed an orc knight
  3041 | D        | Killed an orc sorcerer
  3050 | D        | Killed an orc knight
  3059 | D        | Killed an orc knight
  3064 | D        | Killed an orc sorcerer
  3064 | D        | Reached XP level 12. HP: 65/127 MP: 22/22
  3081 | D        | Found Umyfor's Magic Scroll Shoppe.
  3081 | D        | Found Qot Goqo's Antique Weapon Emporium.
  3081 | D        | Found Resegruz's Antique Armour Shoppe.
  3090 | D        | Noticed an orc high priest
  3099 | D        | Reached skill level 18 in Fighting
  3114 | D        | Killed an orc high priest
  3117 | D        | Paralysed by an orc sorcerer for 6 turns
  3165 | D        | Bought a runed helmet for 180 gold pieces
  3165 | D        | Bought a pair of glowing boots for 180 gold pieces
  3165 | D        | Bought a steaming scale mail for 216 gold pieces
  3175 | D        | Identified the cursed +0 scale mail of the Doldrums {Int+2} (You bought it in a shop in the Dungeon)
  3205 | D        | Bought a scroll of enchant armour for 90 gold pieces
  3207 | D        | Bought a +2 chain mail of poison resistance for 203 gold pieces
  3207 | D        | Bought 3 scrolls of enchant weapon for 247 gold pieces
  3571 | D        | Noticed Psyche
  3584 | D        | Killed Psyche
  3738 | D        | Noticed a centaur warrior
  3738 | D        | Noticed a tengu warrior
  3755 | D        | Killed a centaur warrior
  3758 | D        | Noticed a stone giant
  3763 | D        | Killed a tengu warrior
  3774 | D        | Noticed a deep troll earth mage
  3784 | D        | Killed a stone giant
  3784 | D        | Reached skill level 5 in Throwing
  3784 | D        | Reached skill level 15 in Invocations
  3797 | D        | Killed a deep troll earth mage
  3819 | D        | Gained mutation: You are clumsy. (Dex -2) [mutagenic meat]
  3821 | D        | Gained mutation: You occasionally shout uncontrollably at your foes. [mutagenic meat]
  3825 | D        | Noticed a spark wasp
  3826 | D        | Noticed an anaconda
  3828 | D        | Noticed a cyan very ugly thing
  3829 | D        | HP: 4/128 [spark wasp (14)]
  3830 | D        | Killed from afar by a spark wasp

Vault maps used:
D:        linesprint

Skill      XL: |  1  2  3  4  5  6  7  8  9 10 11 12 |
---------------+-------------------------------------+-----
Dodging        | 1 3 5 6 8 9 10 11 13 14 | 14.0
Fighting       | 4 6 8 9 10 11 12 14 16 17 18 | 18.7
Invocations    | 4 6 7 9 10 11 12 14 15 | 15.1
Maces & Flails | 4 5 6 7 8 9 11 12 13 | 13.6
Armour         | 4 5 6 7 8 9 11 12 13 | 13.1
Throwing       | 3 5 |  5.2

Action                   |  1- 3 |  4- 6 |  7- 9 | 10-12 || total
-------------------------+-------+-------+-------+-------++-------
Melee: Mace              |    29 |    13 |       |       ||    42
       Dire flail        |       |    36 |    94 |   343 ||   473
       Great mace        |       |       |       |    70 ||    70
Throw: Throwing net      |       |       |       |     7 ||     7
       Tomahawk          |       |       |       |     1 ||     1
Invok: Bend Space        |     1 |       |       |     5 ||     6
  Use: Potion            |       |       |       |     7 ||     7
       Scroll            |       |       |       |     1 ||     1
  Eat: Chunk             |       |       |     1 |     7 ||     8
       Bread ration      |       |       |       |     1 ||     1
Armor: Leather armour    |     4 |       |       |       ||     4
       Chain mail        |       |    31 |    42 |     3 ||    76
       Scale mail        |       |       |    15 |    65 ||    80
       Plate armour      |       |       |       |    62 ||    62
Dodge: Dodged            |    19 |    23 |    54 |   158 ||   254

Table legend:
 A = Spawn XP
 B = Non-spawn XP
 C = Spawn XP percentage of total XP
 D = Spawn monster count
 E = Non-spawn monster count
 F = Spawn count percentage of total count
 G = Total turns spent on level
                    A         B        C        D         E        F      G
               +---------+---------+-------+---------+---------+-------+---------
         Total |       0 |   26545 |   0.0 |       0 |      98 |   0.0 |  3830
               +---------+---------+-------+---------+---------+-------+---------
             D |       0 |   26545 |   0.0 |       0 |      98 |   0.0 |  3830
               +---------+---------+-------+---------+---------+-------+---------
